Map: Lightshade LE

Players

MarineLorD - Winner!

  • Race: Terran Terran
  • League: Master
  • Spawn Location: 11:00

goblin

  • Race: Protoss Protoss
  • League: Grandmaster
  • Spawn Location: 5:00

Event: DreamHack SC2 Masters 2020 Winter

VOD

Have the link to the VOD?

Description

Time

  • Played on: Oct. 31, 2020, 12:25 p.m.
  • Length: 17:20

All games in this series

Show
View Real Time Build Order
Export as new Build Order

MarineLorD Terran - Winner!

Build Orders:  

Get SALT Encoding   

  12  0:00  SCV  
  13  0:12  SCV  
  14  0:17  Supply Depot  
  14  0:24  SCV  
  15  0:31  Refinery  
  15  0:38  SCV  
  16  0:45  Barracks  
  16  0:50  SCV  
  17  1:02  SCV  
  18  1:05  Engineering Bay  
  18  1:16  SCV  
  19  1:32  Marine, Orbital Command  
  20  1:39  Factory  
  20  1:45  Supply Depot  
  20  1:52  Barracks Reactor  
  20  1:58  SCV  
  21  2:10  SCV  
  22  2:16  Command Center  
  22  2:22  SCV  
  23  2:32  Hellion x2  
  23  2:34  SCV  
  28  2:39  Supply Depot  
  28  2:45  Barracks Tech Lab  
  28  2:46  SCV  
  29  2:54  Barracks  
  29  2:59  SCV  
  29  3:03  Marine, Stimpack  
  31  3:06  Widow Mine  
  31  3:11  SCV  
  34  3:17  Refinery  
  34  3:20  Marine  
  34  3:25  SCV  
  36  3:28  Widow Mine  
  36  3:30  Orbital Command  
  38  3:37  SCV  
  38  3:38  Marine  
  38  3:41  Marine x2  
  40  3:46  Starport  
  42  3:56  Marine  
  42  3:57  Widow Mine  
  42  3:59  Marine x2  
  42  4:00  SCV  
  42  4:02  SCV  
  45  4:12  SCV  
  45  4:14  Marine, SCV  
  45  4:17  Marine x2  
  50  4:24  Supply Depot, SCV, Engineering Bay  
  50  4:26  SCV, Medivac  
  50  4:28  Factory Reactor  
  54  4:36  Supply Depot  
  54  4:42  Combat Shield  
  54  4:46  Marine x2, SCV x2  
  54  4:48  Supply Depot  
  54  4:51  Terran Infantry Weapons Level 1  
  54  4:52  Refinery  
  58  4:58  SCV x2  
  59  5:03  Marine x2  
  59  5:04  Marine  
  59  5:06  Supply Depot  
  62  5:10  SCV x2  
  64  5:15  Medivac  
  66  5:21  Marine x2  
  66  5:22  Marine, SCV x2  
  66  5:23  Medivac  
  66  5:28  Supply Depot  
  73  5:29  Factory Reactor  
  73  5:31  Barracks  
  73  5:34  SCV  
  74  5:39  Marine, Supply Depot  
  74  5:40  SCV  
  76  5:43  Marauder  
  76  5:46  SCV  
  79  5:52  SCV  
  79  5:57  Marine x2  
  79  5:58  SCV  
  79  5:59  Supply Depot  
  79  6:01  Concussive Shells  
  82  6:05  Marauder  
  82  6:09  Medivac x2  
  88  6:12  Widow Mine, Command Center  
  88  6:14  Widow Mine  
  92  6:21  SCV  
  92  6:26  Marauder  
  92  6:27  Marine x2  
  92  6:32  SCV  
  85  6:33  SCV  
  85  6:35  Widow Mine, Barracks Tech Lab  
  85  6:43  Refinery  
  85  6:45  Terran Infantry Armor Level 1  
  85  6:48  Marauder, Marine x2  
  85  6:51  Barracks  
  85  6:52  SCV  
  85  6:53  Barracks  
  90  6:54  SCV  
  90  7:00  Widow Mine x2  
  95  7:06  SCV x2  
  97  7:09  Marauder  
  99  7:16  Marauder  
  99  7:28  Medivac x2  
  99  7:29  Widow Mine x2, SCV x2  
  87  7:31  Orbital Command  
  87  7:32  Missile Turret  
  87  7:34  Bunker  
  87  7:36  Marine x2, Marauder  
  87  7:37  Marauder  
  87  7:40  Barracks Tech Lab, Barracks Reactor  
  89  7:46  SCV  
  89  7:50  Widow Mine x2  
  93  7:56  Marine x2  
  93  7:57  Marauder  
  97  8:00  Marauder  
  97  8:02  SCV  
  98  8:10  Marauder  
  98  8:11  Medivac x2  
  88  8:14  Marine x2, SCV x2  
  88  8:19  Marauder  
  86  8:21  Marine  
  86  8:23  Marine  
  86  8:25  Marine  
  86  8:26  SCV  
  87  8:27  SCV  
  87  8:30  SCV  
  87  8:31  Marine  
  87  8:32  Marine  
  91  8:36  Marine  
  91  8:38  SCV  
  91  8:39  Marauder  
  91  8:40  SCV, Marauder  
  91  8:41  Marine, Medivac x2  
  98  8:42  SCV  
  98  8:43  Marine  
  105  8:49  Marauder  
  105  8:50  Marine, SCV  
  105  8:52  SCV  
  105  8:53  Supply Depot  
  105  8:54  Marine  
  105  8:55  SCV  
  112  8:59  Marine  
  112  9:01  Marauder, Marine  
  112  9:02  Marauder  
  117  9:03  SCV  
  117  9:04  SCV  
  117  9:07  SCV, Marine  
  121  9:11  Marauder  
  121  9:12  Marine  
  121  9:15  SCV, Supply Depot  
  121  9:16  Supply Depot  
  125  9:19  Supply Depot  
  125  9:36  Marine x2  
  125  9:37  SCV x3, Marauder x2  
  125  9:38  Marauder, Refinery x2  
  136  9:39  Armory  
  136  9:41  Supply Depot, Engineering Bay  
  136  9:42  Supply Depot  
  136  9:45  Medivac x2  
  138  9:47  Widow Mine x2  
  138  9:49  SCV x2, Marine x2  
  138  9:50  SCV  
  147  10:01  SCV x2  
  147  10:02  Marauder x2, Marine x3, SCV  
  147  10:07  Marine  
  157  10:09  Widow Mine x2  
  157  10:13  SCV  
  163  10:17  SCV  
  163  10:20  Marauder  
  154  10:32  Marine x4, Marauder  
  154  10:33  Marauder  
  162  10:35  Terran Infantry Weapons Level 2, Terran Infantry Armor Level 2  
  162  10:36  Terran Ship Weapons Level 1  
  162  10:41  Marine  
  159  10:44  Command Center  
  159  10:47  Medivac x2  
  152  10:50  Marine x4  
  152  10:53  Marine  
  152  10:54  Marauder  
  147  10:59  Marine  
  138  11:08  Marine x4  
  142  11:12  Marauder  
  142  11:15  Marauder  
  142  11:17  Marauder  
  148  11:18  Barracks  
  148  11:19  Barracks x2  
  148  11:22  Ghost Academy  
  148  11:24  Medivac x2  
  152  11:26  Marine x2  
  152  11:30  Marine  
  152  11:31  Marine  
  156  11:33  Marauder  
  156  11:37  Marauder  
  156  11:39  Marauder  
  160  11:43  Marine x2  
  148  11:48  Marine  
  138  11:54  Marauder  
  138  11:58  Marauder  
  138  11:59  Medivac x2  
  138  12:00  Marauder  
  138  12:01  Widow Mine x2, Marine x3  
  140  12:08  Planetary Fortress  
  137  12:09  SCV x3  
  124  12:16  Marauder, Marine  
  124  12:19  Marine, Marauder  
  124  12:21  Marauder, Marine x4, SCV  
  124  12:22  Marine  
  138  12:27  SCV x2  
  138  12:29  Medivac x2  
  144  12:32  Missile Turret  
  144  12:33  SCV  
  144  12:34  Marine  
  144  12:36  Marine  
  146  12:37  Marine  
  146  12:39  SCV x2  
  146  12:42  Marine x3  
  146  12:43  Marauder  
  150  12:45  Marine x2  
  150  12:46  Marauder  
  152  12:52  Marine  
  152  12:54  Marine  
  152  12:55  Marauder  
  137  13:00  Marine x3  
  137  13:03  Marine x2  
  137  13:04  Marauder  
  124  13:06  Viking  
  124  13:07  Marauder  
  124  13:10  Marine  
  124  13:12  Marine  
  118  13:16  Marauder  
  118  13:18  Marine x3  
  121  13:21  Marine x2, Viking  
  121  13:25  SCV x2  
  121  13:26  Marauder  
  130  13:27  Marine  
  130  13:28  SCV x2, Marauder  
  130  13:30  Marine  
  130  13:31  Terran Infantry Weapons Level 3  
  135  13:36  Marine x2  
  135  13:37  Widow Mine x2  
  135  13:38  Marauder  
  135  13:39  Marine x3  
  146  13:43  Refinery  
  146  13:44  Refinery  
  146  13:45  Marine  
  146  13:47  Marauder  
  146  13:48  Marine, Viking  
  152  13:50  Marauder  
  152  13:51  Viking  
  156  13:56  Marine x2  
  160  14:07  Starport  
  160  14:08  Marauder  
  162  14:13  Marine x6  
  162  14:14  Ghost x2  
  170  14:18  Viking  
  170  14:21  Viking  
  151  14:32  Marine x4  
  151  14:33  Marauder  
  151  14:37  Marine x2  
  156  14:39  Marine  
  156  14:43  Marauder x2  
  161  14:48  Medivac  
  161  14:50  Marine  
  161  14:51  Medivac  
  155  14:54  Marauder  
  155  14:57  Marine x2  
  152  15:00  Marine x4  
  152  15:05  Marauder x2  
  159  15:08  Marine  
  159  15:09  Command Center  
  160  15:14  Marine, Viking x2  
  160  15:15  Marauder  
  160  15:18  Viking  
  169  15:21  Viking  
  169  15:36  Ghost  
  169  15:38  Supply Depot  
  169  15:39  Supply Depot  
  169  15:40  Supply Depot  
  171  15:43  Supply Depot  
  171  15:47  Enhanced Shockwaves  
  171  15:50  Barracks Tech Lab  
  171  15:52  Barracks Tech Lab  
  171  15:53  Barracks Reactor  
  171  15:59  Ghost  
  171  16:00  Marauder  
  171  16:01  Missile Turret, Viking  
  177  16:05  Marauder, Missile Turret  
  177  16:06  Viking  
  179  16:12  Viking  
  179  16:13  Viking  
  183  16:24  Sensor Tower x2  
  183  16:27  Marauder x2  
  186  16:33  Viking  
  186  16:36  Viking  
  189  16:42  Marauder  
Show
View Real Time Build Order
Export as new Build Order

goblin Protoss 

Build Orders: 1 Gate Expand, Phoenix Opening 

Get SALT Encoding   

  12  0:00  Probe  
  13  0:12  Probe  
  14  0:18  Pylon  
  14  0:24  Probe (Chrono Boost)  
  15  0:36  Probe (Chrono Boost)  
  15  0:37  Gateway  
  16  0:45  Probe (Chrono Boost)  
  16  0:46  Assimilator  
  17  0:51  Probe  
  18  1:03  Probe  
  19  1:25  Nexus  
  19  1:34  Cybernetics Core  
  19  1:38  Probe  
  20  1:44  Assimilator  
  20  1:52  Probe  
  21  1:55  Pylon  
  21  2:04  Probe (Chrono Boost)  
  22  2:10  Stalker (Chrono Boost)  
  22  2:14  Probe (Chrono Boost)  
  25  2:19  Probe (Chrono Boost)  
  26  2:25  Stargate  
  26  2:31  Probe (Chrono Boost)  
  26  2:34  Stalker  
  28  2:38  Probe (Chrono Boost)  
  30  2:48  Probe x2 (Chrono Boost)  
  31  2:55  Probe x2  
  31  2:56  Warp Gate  
  33  3:04  Adept  
  35  3:07  Probe  
  35  3:08  Phoenix (Chrono Boost)  
  35  3:12  Probe  
  39  3:19  Probe  
  40  3:20  Pylon  
  40  3:24  Probe  
  41  3:27  Phoenix (Chrono Boost)  
  41  3:32  Probe  
  44  3:35  Shield Battery  
  44  3:36  Probe  
  45  3:44  Probe  
  45  3:48  Phoenix (Chrono Boost)  
  48  3:49  Probe  
  48  3:56  Probe  
  48  3:58  Pylon  
  48  4:05  Probe  
  48  4:07  Phoenix  
  48  4:08  Probe  
  50  4:17  Probe (Chrono Boost)  
  50  4:21  Twilight Council  
  52  4:26  Probe (Chrono Boost)  
  52  4:28  Probe (Chrono Boost)  
  53  4:33  Probe x2 (Chrono Boost)  
  51  4:40  Phoenix  
  51  4:43  Nexus  
  53  4:45  Pylon  
  53  4:49  Assimilator  
  53  4:54  Probe  
  53  4:56  Charge (Chrono Boost)  
  54  5:02  Gateway x2  
  54  5:08  Probe x2  
  56  5:16  Phoenix  
  56  5:20  Probe x2  
  60  5:32  Probe x2  
  60  5:33  Gateway  
  60  5:34  Pylon  
  62  5:36  Gateway  
  62  5:42  Pylon  
  62  5:43  Phoenix  
  62  5:44  Probe  
  62  5:45  Pylon, Sentry  
  62  5:47  Probe  
  68  5:57  Shield Battery  
  68  5:58  Shield Battery  
  68  5:59  Zealot  
  68  6:00  Pylon  
  68  6:04  Zealot  
  72  6:08  Phoenix  
  72  6:09  Zealot  
  76  6:20  Zealot  
  76  6:25  Zealot  
  78  6:28  Zealot  
  78  6:32  Zealot x2  
  84  6:33  Probe x2  
  84  6:34  Phoenix  
  84  6:37  Probe  
  89  6:44  Zealot  
  93  6:47  Pylon  
  93  6:49  Probe (Chrono Boost)  
  93  6:50  Probe x2 (Chrono Boost)  
  93  6:51  Zealot  
  93  6:52  Zealot  
  98  6:59  Phoenix  
  98  7:00  Probe x2 (Chrono Boost)  
  102  7:09  Zealot x3  
  102  7:12  Zealot  
  102  7:13  Zealot  
  102  7:14  Protoss Air Weapons Level 1  
  106  7:26  Phoenix  
  106  7:29  Probe x2 (Chrono Boost)  
  100  7:30  Zealot x3  
  106  7:37  Robotics Facility  
  106  7:38  Forge  
  106  7:39  Probe (Chrono Boost)  
  106  7:41  Pylon, Probe (Chrono Boost)  
  106  7:42  Assimilator  
  109  7:44  Pylon  
  109  7:46  Assimilator  
  109  7:47  Probe (Chrono Boost)  
  109  7:48  Probe (Chrono Boost)  
  110  7:53  Phoenix  
  94  8:16  Zealot x5  
  94  8:18  Phoenix  
  94  8:27  Nexus, Protoss Ground Weapons Level 1  
  94  8:29  Observer (Chrono Boost)  
  94  8:30  Pylon  
  94  8:32  Robotics Bay  
  94  8:33  Probe x2  
  97  8:34  Robotics Facility  
  97  8:37  Gateway  
  97  8:38  Gateway  
  97  8:43  Phoenix  
  97  8:46  Stalker  
  97  8:47  Pylon, Probe x2  
  103  8:49  Observer (Chrono Boost)  
  104  9:02  Zealot x4  
  112  9:06  Observer  
  112  9:09  Phoenix (Chrono Boost)  
  111  9:12  Zealot  
  115  9:22  Colossus (Chrono Boost)  
  121  9:24  Zealot x3  
  121  9:25  Zealot, Observer  
  121  9:27  Assimilator, Colossus (Chrono Boost)  
  121  9:30  Assimilator  
  135  9:33  Pylon  
  135  9:34  Observer  
  135  9:41  Extended Thermal Lance  
  135  9:43  Pylon  
  133  9:46  Phoenix  
  133  9:47  Pylon  
  133  9:49  Zealot x4  
  143  10:07  Zealot x2  
  143  10:08  Zealot  
  149  10:14  Colossus x2  
  149  10:21  Stalker, Zealot  
  145  10:30  Probe x3  
  145  10:31  Probe  
  149  10:36  Protoss Ground Weapons Level 2 (Chrono Boost)  
  149  10:48  Observer  
  137  10:57  Zealot x4  
  137  10:58  Zealot x3  
  137  10:59  Phoenix (Chrono Boost)  
  153  11:04  Photon Cannon  
  153  11:07  Photon Cannon  
  153  11:11  Photon Cannon  
  155  11:15  Phoenix (Chrono Boost), Warp Prism (Chrono Boost)  
  155  11:17  Probe x2  
  155  11:18  Probe  
  160  11:23  Observer (Chrono Boost)  
  160  11:25  Templar Archives  
  161  11:28  Stalker x2, Sentry  
  161  11:29  Pylon  
  159  11:43  Phoenix  
  159  11:44  Observer  
  152  11:57  Zealot x4  
  141  12:04  Pylon  
  141  12:05  Probe x2  
  141  12:07  Phoenix  
  145  12:09  Colossus x2  
  143  12:23  Stalker x3, Zealot  
  143  12:24  Zealot x3  
  143  12:27  Probe x4 (Chrono Boost)  
  161  12:36  Probe x2 (Chrono Boost)  
  159  12:55  Zealot x4  
  139  13:00  Zealot x3  
  129  13:06  Colossus x2 (Chrono Boost), Observer  
  129  13:15  Protoss Ground Weapons Level 3 (Chrono Boost)  
  119  13:22  High Templar  
  119  13:23  High Templar x3  
  127  13:30  Blink (Chrono Boost)  
  127  13:31  Archon x2, Observer  
  127  13:32  Stalker x2, Zealot  
  127  13:33  Observer  
  133  13:40  Phoenix (Chrono Boost)  
  135  13:49  Shield Battery  
  135  13:52  Colossus  
  141  13:56  High Templar x2, Zealot, Sentry  
  141  13:57  Phoenix (Chrono Boost), Zealot x2  
  155  14:07  Archon  
  155  14:12  Stalker  
  155  14:15  Phoenix  
  157  14:24  Observer  
  155  14:31  Zealot x5  
  155  14:32  Zealot  
  155  14:36  Observer  
  163  14:40  Phoenix (Chrono Boost)  
  165  14:49  Nexus  
  165  14:50  Pylon  
  159  14:54  Observer  
  159  14:59  Observer  
  157  15:01  Stalker x5, Zealot x2  
  173  15:08  Phoenix (Chrono Boost)  
  173  15:09  Stargate  
  173  15:25  Phoenix (Chrono Boost)  
  175  15:31  High Templar x2  
  175  15:35  Archon, Observer  
  179  15:36  Observer  
  179  15:37  Stalker x5  
  179  15:42  Pylon  
  189  15:46  Phoenix (Chrono Boost)  
  191  15:53  Phoenix (Chrono Boost)  
  193  16:02  Stalker x3  
  199  16:08  Assimilator  
  199  16:09  Assimilator  
  199  16:10  Photon Cannon  
  195  16:12  Warp Prism (Chrono Boost)  
  195  16:13  Shield Battery  
  195  16:14  Observer  
  197  16:20  Zealot  
  197  16:22  Pylon  
  191  17:07  Zealot  
  191  17:08  Zealot x6  
Tags
 
Add a new tag
Caveats
  • Supply blocks, unpowered buildings, or Contaminate may cause inaccurate times.
  • Supply counts are checked every 10 seconds.